 Dungeon Crawl Stone Soup version 0.21-a0-613-g5d64845 (webtiles) character file.

1437 Hafrunt the Skirmisher (level 8, 0/73 HPs)
             Began as a Black Draconian Berserker on Dec 22, 2017.
             Was a Priest of Trog.
             Slain by an iguana (7 damage)
             ... on level 7 of the Dungeon.
             The game lasted 00:11:11 (4831 turns).

Hafrunt the Skirmisher (Black Draconian Berserker)  Turns: 4831, Time: 00:11:12

Health: 0/73       AC:  8    Str: 24    XL:     8   Next: 45%
Magic:  8/8        EV: 10    Int:  8    God:    Trog [***...]
Gold:   258        SH: 12    Dex: 12    Spells: 7/7 levels left

rFire    . . .     SeeInvis .   a - +0 trident
rCold    . . .     Gourm    .   d - +0 large shield
rNeg     . . .     Faith    .   (armour unavailable)
rPois    .         Spirit   .   (helmet restricted)
rElec    +         Reflect  .   E - scarf {cloud immunity}
rCorr    .         Harm     .   s - +0 pair of gloves
MR       .....                  x - +0 pair of boots
Stlth    +.........             i - amulet of regeneration
HPRegen  0.62/turn              q - +4 ring of strength
MPRegen  0.11/turn              (no ring)

@: short of breath, berserk cooldown, slowed, very slow
A: breathe lightning, unfitting armour, electricity resistance, cold-blooded, AC
+6
a: Breathe Lightning, Berserk, Trog's Hand, Burn Spellbooks, Renounce Religion


You were on level 7 of the Dungeon.
You worshipped Trog.
Trog was most pleased with you.
You were hungry.

You visited 1 branch of the dungeon, and saw 7 of its levels.

You collected 258 gold pieces.

Inventory:

Hand Weapons
 a - a +0 trident (weapon)
Missiles
 j - a throwing net (quivered)
Armour
 d - a +0 large shield (worn)
 s - a +0 pair of gloves (worn)
 x - a +0 pair of boots (worn)
 E - a scarf of cloud immunity (worn)
Jewellery
 i - an amulet of regeneration (around neck)
 m - an uncursed ring of fire
 q - a +4 ring of strength (left hand)
Scrolls
 g - a scroll of blinking
 k - 6 scrolls of remove curse
 p - 4 scrolls of teleportation
 v - a scroll of magic mapping
 C - a scroll of fear
Potions
 c - 2 potions of curing
 e - 2 potions of cancellation
 h - a potion of ambrosia
 l - a potion of might
 n - a potion of berserk rage
 o - 2 potions of flight
 r - a potion of lignification {unknown}
 t - 2 potions of heal wounds
 w - a potion of resistance {unknown}
 z - a potion of invisibility {unknown}
 A - a potion of agility {unknown}
 D - a potion of mutation {unknown}
Comestibles
 b - 9 rations
 f - 6 chunks of flesh


   Skills:
 + Level 7.2 Fighting
 + Level 6.5 Polearms
 * Level 6.5 Dodging


You had 7 spell levels left.
You didn't know any spells.

Dungeon Overview and Level Annotations

Branches:
Dungeon (7/15)             Temple (0/1) D:5

Altars:
Makhleb
Vehumet
Wu Jian
Xom
Yredelemnul

Annotations:
D:7 loopi's ghost, novice OgFE


Innate Abilities, Weirdness & Mutations

You can breathe wild blasts of lightning.
Your glossy black scales are hard. (AC +6)
You cannot fit into any form of body armour.
You are resistant to electric shocks. (rElec)
You are cold-blooded and may be slowed by cold attacks.


Message History

You breathe a wild blast of lightning!
You hear a mighty clap of thunder!
The bolt of lightning misses the iguana.
You hear a mighty clap of thunder!
The bolt of lightning hits loopi's ghost.
Loopi's ghost is heavily damaged.
The orb of electricity explodes!
The orb of electricity engulfs loopi's ghost.
Loopi's ghost is severely damaged.
You feel somewhat more hungry.
You hear a shout! x4; You hear a loud, deep croak!
You hear a shout! x4
You hear a bark!
Loopi's ghost hits you!
* * * LOW HITPOINT WARNING * * *
The iguana bites you but does no damage.
Loopi's ghost barely misses you.
You hit loopi's ghost but do no damage.
Your tail-slap misses loopi's ghost.
Loopi's ghost is severely damaged.
The iguana bites you!
You die...

##..# #.# ....###.#####
.............
##..........#
##..........#
##..........# #
............##########.###
##.......................#
##..............@........'
##..........###.lW.......#
##.####'##### #..........#
##.# #.# #..........# ##.#
#.# #..........# # .#
#.### ########.###
#.#.####### .# #..........
. ..######.######


You could see an iguana and loopi's ghost.

Vanquished Creatures
  A sky beast (D:5)
  An ice beast (D:6)
  A phantom (D:4)
  3 ogres
  2 centaurs
  A bullfrog (D:7)
  A crimson imp (D:5)
  2 hounds
  4 orc priests (D:4)
  A centaur zombie (D:7)
  A jelly (D:5)
  An iguana (D:4)
  6 orc wizards
  2 worker ants
  2 gnolls (D:3)
  2 adders (D:2)
  A shadow imp (D:6)
  3 worms (D:2)
  A dart slug (D:2)
  3 leopard geckos
  23 orcs
  4 giant cockroaches
  8 goblins
  3 hobgoblins (D:3)
  6 jackals
  5 quokkas
  2 ball pythons
  6 bats
  6 frilled lizards
  5 kobolds
  8 rats
115 creatures vanquished.

Notes
Turn   | Place    | Note
-------+----------+-------------------------------------------
     0 | D:1      | Hafrunt the Draconian Berserker began the quest for the Orb.
     0 | D:1      | Reached XP level 1. HP: 19/19 MP: 1/1
   356 | D:1      | Reached XP level 2. HP: 26/26 MP: 2/2
   878 | D:2      | Reached skill level 4 in Fighting
   896 | D:2      | Reached XP level 3. HP: 11/33 MP: 3/3
  1299 | D:2      | Found a faded altar of an unknown god.
  1321 | D:2      | Reached ** piety under Trog
  1383 | D:2      | Reached XP level 4. HP: 41/41 MP: 4/4
  1843 | D:3      | Reached skill level 5 in Fighting
  1843 | D:3      | Reached XP level 5. HP: 48/48 MP: 5/5
  2554 | D:4      | Reached skill level 5 in Polearms
  2554 | D:4      | Reached XP level 6. HP: 56/56 MP: 6/6
  2773 | D:4      | Reached *** piety under Trog
  2919 | D:4      | Your scales start taking on a glossy black colour.
  2919 | D:4      | Reached XP level 7. HP: 62/62 MP: 7/7
  2919 | D:4      | Gained mutation: You are resistant to electric shocks. (rElec) [Black Draconian growth]
  2964 | D:4      | Found a radiant altar of Vehumet.
  3376 | D:4      | Reached skill level 6 in Fighting
  3407 | D:5      | Entered Level 5 of the Dungeon
  3533 | D:5      | Reached skill level 5 in Dodging
  3665 | D:5      | Reached XP level 8. HP: 71/71 MP: 8/8
  3679 | D:5      | Found a staircase to the Ecumenical Temple.
  3832 | D:5      | Found a shimmering altar of Xom.
  3931 | D:6      | Found a burning altar of Makhleb.
  4170 | D:6      | Found a basalt altar of Yredelemnul.
  4531 | D:7      | Reached skill level 7 in Fighting
  4662 | D:7      | Found an ornate altar of the Wu Jian Council.
  4811 | D:7      | Noticed loopi's ghost (novice OgFE)
  4831 | D:7      | Slain by an iguana

Vault maps used:
D:1:      dpeg_arrival_circle_labyrinth_a
D:2:      wad_pebble_path, chequers_ecumenical_altar_island
D:3:      wad_woods_tower, palyth_stone_intersect
D:4:      fiery_altar_vehumet, due_unseen_surprise
D:5:      cheibrodos_helix_gallery, minmay_temple_entry_grid, basic_altar,
          first_ration, eino_small_chamber_without_monster
D:6:      lemuel_crystal_altar, bloody_makhleb
D:7:      lemuel_crystal_altar, kennysheep_okawaru_gauntlet

Skill      XL: |  1  2  3  4  5  6  7  8 |
---------------+-------------------------+-----
Fighting       | 4 5 6 7 |  7.2
Polearms       | 4 5 6 |  6.5
Dodging        | 3 4 5 6 |  6.5

Action                   |  1- 3 |  4- 6 |  7- 9 || total
-------------------------+-------+-------+-------++-------
Melee: Spear             |   165 |   138 |       ||   303
       Tailslap          |    18 |    19 |    21 ||    58
       Trident           |       |    28 |   135 ||   163
Invok: Berserk           |     1 |     5 |     3 ||     9
 Abil: Breathe Lightning |       |       |     1 ||     1
  Use: Scroll            |       |     9 |     9 ||    18
       Potion            |       |       |     1 ||     1
 Stab: Sleeping          |     2 |     1 |       ||     3
  Eat: Chunk             |     3 |     8 |     6 ||    17
       Ration            |       |       |     1 ||     1
Armor: Skin              |    38 |    27 |    20 ||    85
Dodge: Dodged            |    77 |    43 |    33 ||   153
Block: Large shield      |       |    27 |    66 ||    93

Table legend:
 A = Spawn XP
 B = Non-spawn XP
 C = Spawn XP percentage of total XP
 D = Spawn monster count
 E = Non-spawn monster count
 F = Spawn count percentage of total count
 G = Total turns spent on level
                    A         B        C        D         E        F      G
               +---------+---------+-------+---------+---------+-------+---------
         Total |       0 |    2054 |   0.0 |       0 |     115 |   0.0 |  4831
               +---------+---------+-------+---------+---------+-------+---------
           D:1 |       0 |      22 |   0.0 |       0 |      13 |   0.0 |   804
           D:2 |       0 |      76 |   0.0 |       0 |      28 |   0.0 |   866
           D:3 |       0 |     157 |   0.0 |       0 |      26 |   0.0 |   787
           D:4 |       0 |     635 |   0.0 |       0 |      24 |   0.0 |   950
           D:5 |       0 |     628 |   0.0 |       0 |       9 |   0.0 |   445
           D:6 |       0 |     145 |   0.0 |       0 |       3 |   0.0 |   643
           D:7 |       0 |     391 |   0.0 |       0 |      12 |   0.0 |   336
               +---------+---------+-------+---------+---------+-------+---------
